Map: Goldenaura LE

Players

pab - Winner!

  • Race: Zerg Zerg
  • League: Platinum
  • Spawn Location: 12:00

VOD

Have the link to the VOD?

Description

Time

  • Played on: March 19, 2024, 11:56 a.m.
  • Length: 22:15
Show
View Real Time Build Order
Export as new Build Order

pab Zerg - Winner!

Build Orders:  

Get SALT Encoding   

  12  0:27  Spawning Pool  
  11  0:32  Drone  
  11  0:38  Drone  
  13  0:44  Drone  
  14  0:52  Extractor  
  13  1:01  Overlord  
  13  1:34  Zergling x6  
  16  1:49  Drone  
  17  2:19  Hatchery  
  16  2:29  Drone  
  17  2:37  Drone  
  18  2:43  Drone  
  19  2:51  Drone  
  20  3:09  Drone  
  21  3:12  Metabolic Boost  
  20  3:20  Drone  
  20  3:43  Drone  
  21  3:51  Overlord  
  20  4:02  Lair  
  20  4:03  Drone  
  20  4:09  Drone  
  22  4:15  Drone  
  23  4:25  Extractor, Drone  
  23  4:30  Overlord  
  23  4:41  Drone  
  23  4:46  Drone  
  25  4:53  Hatchery  
  24  5:03  Drone x2  
  26  5:13  Drone  
  27  5:21  Infestation Pit, Drone x2  
  28  5:32  Drone  
  28  5:33  Evolution Chamber  
  28  5:36  Drone  
  29  5:47  Drone  
  30  5:51  Drone  
  31  6:06  Hatchery  
  30  6:22  Zerg Ground Armor Level 1  
  30  6:29  Overlord  
  30  6:35  Drone x2  
  30  6:37  Drone  
  33  6:40  Drone  
  33  6:45  Drone  
  33  6:46  Drone  
  33  6:49  Drone  
  37  6:57  Zergling x2, Hive  
  37  6:58  Zergling x2  
  39  7:01  Zergling x2  
  39  7:08  Zergling x2  
  39  7:09  Zergling x2  
  42  7:19  Extractor  
  41  7:23  Drone x3, Extractor  
  43  7:30  Drone  
  43  7:35  Drone  
  45  7:43  Drone  
  45  7:47  Drone, Hatchery  
  45  7:48  Drone  
  47  7:54  Drone x2  
  49  8:16  Drone x5  
  54  8:20  Drone x2  
  54  8:29  Hatchery  
  55  8:40  Drone x3  
  55  8:41  Hatchery  
  57  9:07  Ultralisk Cavern  
  56  9:11  Zerg Ground Armor Level 2  
  56  9:21  Overlord x2  
  56  9:26  Drone x6  
  56  9:27  Drone  
  63  9:31  Extractor  
  63  9:33  Extractor  
  63  9:36  Drone x4  
  65  10:10  Adrenal Overload  
  65  10:11  Overlord  
  65  10:19  Ultralisk x2  
  77  10:21  Ultralisk  
  77  10:25  Zergling x4  
  77  10:26  Zergling x2  
  86  10:44  Ultralisk  
  86  10:46  Zergling x8  
  86  10:47  Zergling x4  
  98  10:55  Drone x5  
  103  11:05  Chitinous Plating  
  103  11:07  Overlord x2  
  103  11:34  Hatchery  
  103  11:35  Overlord x2  
  103  11:39  Pneumatized Carapace  
  102  11:47  Ultralisk  
  102  11:48  Ultralisk  
  114  11:51  Zergling x2  
  114  11:52  Zergling x14  
  122  12:08  Infestor  
  122  12:09  Infestor x3  
  130  12:12  Zergling x8  
  130  12:13  Zergling x2  
  130  12:19  Neural Parasite  
  135  12:46  Drone  
  135  12:47  Drone x2  
  138  12:52  Hatchery  
  129  13:03  Zergling x2  
  129  13:04  Zergling x40  
  129  13:05  Unknown  
  124  13:24  Drone x7  
  124  13:29  Hatchery  
  130  14:00  Ultralisk  
  130  14:05  Overlord x9  
  136  14:45  Ultralisk  
  136  14:46  Ultralisk x2  
  136  14:47  Ultralisk  
  136  14:48  Zergling x2  
  136  14:49  Zergling x18  
  170  14:50  Zergling x2  
  170  14:58  Zerg Ground Armor Level 3  
  171  15:06  Drone x4  
  175  15:11  Drone  
  175  15:12  Drone x4  
  175  15:13  Drone  
  175  15:19  Drone x4  
  185  15:22  Drone  
  185  15:26  Extractor  
  185  15:29  Drone  
  94  15:30  Drone x3  
  186  15:31  Extractor  
  150  15:59  Zergling x8  
  136  16:00  Zergling x30  
  146  16:22  Infestor x2  
  146  16:23  Infestor  
  146  16:26  Ultralisk  
  146  16:27  Ultralisk  
  146  16:29  Ultralisk  
  170  17:00  Ultralisk  
  170  17:01  Ultralisk  
  170  17:03  Ultralisk  
  170  17:04  Zergling x2  
  170  17:05  Zergling x18  
  170  17:06  Zergling x2  
  199  17:26  Extractor  
  199  17:29  Extractor, Drone x2  
  199  17:45  Hatchery  
  198  17:57  Zergling x2  
  161  18:38  Zerg Melee Weapons Level 1  
  145  18:40  Zergling x2  
  145  18:41  Zergling x42  
  145  18:42  Zergling x10  
  172  19:23  Zergling x6  
  172  19:24  Zergling x30  
  190  19:56  Ultralisk  
  190  19:57  Zergling x2  
  190  19:58  Zergling x6  
  175  21:36  Zergling x24  
  175  21:37  Zergling x16  
Tags
 
Add a new tag
Caveats
  • Supply blocks, unpowered buildings, or Contaminate may cause inaccurate times.
  • Supply counts are checked every 10 seconds.